 Dungeon Crawl Stone Soup version 0.30-a0-972-gf3ab3527aa (webtiles) character file.

Game seed: 9789984674775811181

1099 cforsyth the Basher (level 8, -2/65 HPs)
             Began as a Formicid Fighter on Mar 31, 2023.
             Slain by Pikel
             ... wielding a +2 whip of flaming
              (8 damage)
             ... on level 3 of the Dungeon.
             The game lasted 00:06:07 (3702 turns).

cforsyth the Basher (Formicid Fighter)              Turns: 3702, Time: 00:06:08

Health: -2/65      AC:  8    Str: 28    XL:     8   Next: 57%
Magic:  8/8        EV: 14    Int:  9    God:
Gold:   273        SH:  5    Dex: 13    Spells: 7/7 levels left

rFire   . . .      SeeInvis +    a - +0 flail
rCold   . . .      Faith    .    c - +0 buckler
rNeg    . . .      Spirit   .    b - +0 scale mail
rPois   .          Reflect  .    (helmet unavailable)
rElec   .          Rampage  .    (no cloak)
rCorr   .                        t - +0 pair of gloves
Will    .....                    (no boots) Stlth
                                 (no amulet)
HPRegen 0.30/turn                f - +5 ring of evasion
MPRegen 0.11/turn                j - +6 ring of strength

@: mighty
A: permanent stasis, dig shafts and tunnels, antennae 3, four strong arms
a: Dig, Shaft Self


You were on level 3 of the Dungeon.
You visited 1 branch of the dungeon, and saw 5 of its levels.

You collected 273 gold pieces.

Inventory:

Hand Weapons
 a - a +0 flail (weapon)
Missiles
 i - a throwing net
Armour
 b - a +0 scale mail (worn)
 c - a +0 buckler (worn)
 t - a +0 pair of gloves (worn)
Jewellery
 f - a +5 ring of evasion (left hand)
 j - a +6 ring of strength (right hand)
 q - a ring of ice
Wands
 A - a wand of digging (7)
Scrolls
 e - a scroll of amnesia {unknown}
 h - a scroll of noise {unknown}
 k - a scroll of immolation {unknown}
 l - a scroll of fog {unknown}
 n - a scroll of summoning {unknown}
 r - a scroll of silence {unknown}
 u - a scroll of fear {unknown}
 v - a scroll of poison {unknown}
 x - a scroll of magic mapping {unknown}
 y - 2 scrolls of identify {unknown}
Potions
 g - 2 potions of curing {unknown}
 m - 2 potions of flight {unknown}
 o - 3 potions of cancellation {unknown}
 p - 3 potions of magic {unknown}
 s - a potion of lignification {unknown}
 w - 2 potions of ambrosia {unknown}
 z - a potion of brilliance {unknown}
 B - a potion of invisibility {unknown}


   Skills:
 + Level 6.8 Fighting
 * Level 8.1 Maces & Flails
 - Level 3.2 Armour
 - Level 4.0 Shields


You had 7 spell levels left.
You didn't know any spells.
Your spell library contained the following spells:

 Spells                   Type           Power      Damage    Failure   Level
 Magic Dart               Conj           0%         1d3       71%         1
 Lesser Beckoning         Tloc           0%         N/A       85%         2
 Momentum Strike          Conj/Tloc      0%         3d8       85%         2
 Searing Ray              Conj           0%         2d4       85%         2
 Sublimation of Blood     Necr           0%         N/A       85%         2
 Gell's Gravitas          Tloc           0%         N/A       97%         3
 Teleport Other           Tloc           0%         N/A       97%         3
 Vhi's Electric Charge    Tloc/Air       0%         N/A       97%         3
 Fulminant Prism          Conj/Hex       0%         3d5       100%        4
 Manifold Assault         Tloc           0%         N/A       100%        4
 Petrify                  Tmut/Erth      0%         N/A       100%        4
 Arcjolt                  Conj/Air       0%         1d10      100%        5
 Irradiate                Conj/Tmut      0%         3d11      100%        5
 Dispersal                Tloc           0%         N/A       100%        6
 Storm Form               Tmut/Air       0%         N/A       100%        7
 Maxwell's Capacitive Co  Air            0%         ∞         100%        8
 Blink                    Tloc           Unusable   N/A       N/A         2

Dungeon Overview and Level Annotations

Branches:
Dungeon (5/15)
 Temple: D:4-7

Altars:
Nemelex Xobeh

Annotations:
D:3 Pikel


Innate Abilities, Weirdness & Mutations

You cannot be hasted, slowed, berserked, paralysed or teleported.
You can dig through walls and to a lower floor.
You have a pair of large antennae on your head. (SInv)
Your four strong arms can wield two-handed weapons with a shield.


Message History

The lemure is almost dead.
The lemure hits you.
Pikel hits you with a +2 whip of flaming.
* * * LOW HITPOINT WARNING * * *
Pikel burns you.
* * * LOW HITPOINT WARNING * * *
You miss the lemure.
The lemure is almost dead.
The lemure barely misses you. Pikel closely misses you.
You sock the lemure!
You kill the lemure!
That felt strangely unrewarding.
Pikel hits you with a +2 whip of flaming.
* * * LOW HITPOINT WARNING * * *
Pikel burns you.
* * * LOW HITPOINT WARNING * * *
You feel very mighty all of a sudden. You block Pikel's attack.
You hit Pikel.
Pikel is lightly wounded.
Pikel misses you.
You closely miss Pikel.
Pikel is lightly wounded.
Pikel barely misses you.
You closely miss Pikel.
Pikel is lightly wounded.
Pikel barely misses you.
You closely miss Pikel.
Pikel is lightly wounded.
Pikel hits you with a +2 whip of flaming.
* * * LOW HITPOINT WARNING * * *
Pikel burns you.
* * * LOW HITPOINT WARNING * * *
You thump Pikel!
Pikel is heavily wounded.
You block Pikel's attack.
You barely miss Pikel.
Pikel is heavily wounded.
Pikel hits you with a +2 whip of flaming!
You die...

...............##.### #.# #.# #.#
#.#######...........###.###.###..
#.# ####.##.................. #.#
#..####.####..###.##### #.#
#######.#####..###..##..# .[#
#..........###..##..##.## .##
#..........# ##.##...#.# ##
#..........####.##.#.#.# #
#..........K@......#...##### #
#..........######..##......#
#........[.# #.###......#
#..........# #.# #...<..## ##
#..........######.###........
.#########.....................##
...........##########.##.......#
.####################.#........#
.# #......†..)...<....#


You could see Pikel.

Vanquished Creatures
  Grinder (D:4)
  Sigmund (D:3)
  Duvessa (D:4)
  3 lemures
  2 phantoms (D:4)
  A scorpion (D:4)
  Dowan (D:4)
  2 hounds
  2 orc priests
  Jessica (D:3)
  An iguana (D:4)
  An orc wizard (D:4)
  4 gnolls
  5 adders
  A white imp (D:5)
  An ufetubus (D:3)
  4 worms
  3 dart slugs
  10 orcs
  6 endoplasms
  A giant cockroach (D:2)
  8 hobgoblins
  4 jackals (D:3)
  4 kobolds
  2 quokkas
  7 ball pythons
  5 bats
  5 frilled lizards
  6 goblins
  8 rats
101 creatures vanquished.

Notes
Turn   | Place    | Note
-------+----------+-------------------------------------------
     0 | D:1      | cforsyth the Formicid Fighter began the quest for the Orb.
     0 | D:1      | Reached XP level 1. HP: 18/18 MP: 1/1
   133 | D:1      | Reached XP level 2. HP: 22/24 MP: 2/2
   171 | D:1      | Reached XP level 3. HP: 30/30 MP: 3/3
   238 | D:1      | Reached skill level 3 in Maces & Flails
   667 | D:2      | Reached XP level 4. HP: 35/37 MP: 4/4
  1209 | D:1      | Reached skill level 4 in Maces & Flails
  1246 | D:2      | Reached XP level 5. HP: 27/42 MP: 5/5
  1694 | D:3      | Noticed Sigmund
  1714 | D:3      | Killed Sigmund
  1715 | D:3      | Reached skill level 5 in Fighting
  1715 | D:3      | Reached skill level 5 in Maces & Flails
  1715 | D:3      | Reached XP level 6. HP: 31/51 MP: 6/6
  1800 | D:3      | Noticed Jessica
  1816 | D:3      | Killed Jessica
  1919 | D:3      | Reached XP level 7. HP: 56/56 MP: 7/7
  2037 | D:4      | Noticed Duvessa
  2167 | D:4      | Noticed Dowan
  2235 | D:4      | Killed Duvessa
  2236 | D:4      | Reached skill level 6 in Maces & Flails
  2242 | D:4      | Killed Dowan
  2475 | D:4      | Found a sparkling altar of Nemelex Xobeh.
  2536 | D:4      | Reached skill level 7 in Maces & Flails
  2536 | D:4      | Reached XP level 8. HP: 64/64 MP: 8/8
  2609 | D:4      | Noticed Grinder
  2638 | D:4      | Killed Grinder
  2955 | D:4      | Reached skill level 8 in Maces & Flails
  3013 | D:5      | Entered Level 5 of the Dungeon
  3043 | D:5      | Noticed Pikel
  3702 | D:3      | Slain by Pikel

Illustrated notes

Levels and vault maps discovered:
D:1:      dpeg_arrival_boxorama, layout_rooms
D:2:      minmay_skewed_foursquare, layout_rooms, amethyst_killhole
D:3:      layout_rooms, uniq_jessica, uniq_sigmund
D:4:      layout_basic, lemuel_doored_altar, uniq_grinder, uniq_duvessa
D:5:      layout_basic, kennysheep_mini_moat,
          chequers_temple_overflow_statue_of_worship, serial_shops,
          nicolae_shop_bloodbath_and_beyond, uniq_menkaure, uniq_pikel

Skill      XL: |  1  2  3  4  5  6  7  8 |
---------------+-------------------------+-----
Maces & Flails | 3 4 5 7 8 |  8.1
Fighting       | 4 5 6 |  6.8
Armour         | |  3.2
Shields        | |  4.0

Action                     |  1- 3 |  4- 6 |  7- 9 || total
---------------------------+-------+-------+-------++-------
  Melee: Flail             |    74 |   116 |   172 ||   362
    Use: Potion            |       |       |     1 ||     1
 Armour: Scale mail        |    41 |    44 |    44 ||   129
  Dodge: Dodged            |    46 |    58 |   110 ||   214
  Block: Buckler           |    25 |    25 |    43 ||    93

Table legend: (Time is in decaauts)
 A = Elapsed time spent in this place.
 B = Non-inter-level travel time spent in this place.
 C = Inter-level travel time spent in this place.
 D = Time resting spent in this place.
 E = Time spent auto-exploring this place.
 F = Levels seen in this place.
 G = Mean time per level.
                   A        B        C        D        E       F      G
               +--------+--------+--------+--------+--------+-----+--------+
         Total |   3769 |   3703 |     66 |    935 |   1935 |   5 |  753.8 |
       Dungeon |   3769 |   3703 |     66 |    935 |   1935 |   5 |  753.8 |
               +--------+--------+--------+--------+--------+-----+--------+

Top non-repeatable levels by time:
     D:4: 1155 daAuts
     D:3: 1016 daAuts
     D:2: 788 daAuts
     D:1: 759 daAuts
     D:5: 48 daAuts
